 Dungeon Crawl Stone Soup version 0.28.0-47-ge53b351184 (webtiles) character file.

Game seed: 17487303937758744496

273 Eitelfritz the Covert (level 6, -5/36 HPs)
             Began as a Kobold Brigand on May 4, 2022.
             Slain by a scorpion (7 damage)
             ... on level 5 of the Dungeon.
             The game lasted 00:07:09 (3995 turns).

Eitelfritz the Covert (Kobold Brigand)              Turns: 3995, Time: 00:07:09

Health: -5/36      AC:  4    Str:  8    XL:     6   Next: 48%
Magic:  6/6        EV: 14    Int: 12    God:
Gold:   66         SH:  0    Dex: 19    Spells: 5/5 levels left

rFire   . . .      SeeInvis .   a - +3 dagger
rCold   . . .      Faith    .   (no shield)
rNeg    . . .      Spirit   .   b - +0 robe
rPois   .          Reflect  .   (no helmet)
rElec   .          Harm     .   c - +1 cloak
rCorr   +          Rampage  .   (no gloves)
Will    .....                   (no boots)
Stlth   +++++.....              (no amulet)
HPRegen 0.12/turn               h - ring of resist corrosion
MPRegen 0.10/turn               (no ring)

@: no status effects
A: small, no large weapons, nightstalker 3
a: no special abilities


You were on level 5 of the Dungeon.
You visited 1 branch of the dungeon, and saw 5 of its levels.

You collected 122 gold pieces.
You spent 56 gold pieces at shops.

Inventory:

Hand Weapons
 a - a +3 dagger (weapon)
 r - a +0 whip of electrocution
Missiles
 d - 8 poisoned darts
 e - 2 curare-tipped darts
 g - 2 atropa-tipped darts (quivered)
Armour
 b - a +0 robe (worn)
 c - a +1 cloak (worn)
Jewellery
 h - a ring of resist corrosion (left hand)
 k - a ring of magical power
 n - a ring of ice
Scrolls
 f - 2 scrolls of fear
 m - 3 scrolls of teleportation
 s - a scroll of immolation
Potions
 j - 2 potions of cancellation {unknown}


   Skills:
 + Level 2.7 Fighting
 + Level 4.2 Short Blades
 + Level 2.3 Throwing
 + Level 1.6 Dodging
 + Level 9.1 Stealth


You had 5 spell levels left.
You didn't know any spells.
Your spell library contained the following spells:

 Spells                   Type           Power      Damage    Failure   Level
 Gell's Gravitas          Tloc           0%         N/A       69%         3
 Lesser Beckoning         Tloc           0%         N/A       69%         3
 Stone Arrow              Conj/Erth      0%         3d7       69%         3
 Teleport Other           Tloc           0%         N/A       69%         3
 Tukima's Dance           Hex            0%         N/A       69%         3
 Anguish                  Hex/Necr       0%         N/A       97%         4
 Animate Armour           Summ/Erth      0%         N/A       97%         4
 Enfeeble                 Hex            0%         N/A       100%        7
 Lehudib's Crystal Spear  Conj/Erth      0%         10d2      100%        8


Dungeon Overview and Level Annotations

Branches:
Dungeon (5/15)
 Temple: D:4-7

Altars:
Okawaru

Shops:
D:3 !


Innate Abilities, Weirdness & Mutations

You are small and have problems with some larger weapons.
You are completely attuned to the shadows.


Message History

Aim: a scorpion (moderately wounded, 63% to hit, chance to blind on hit: 83%)
You throw an atropa-tipped dart.
The atropa-tipped dart closely misses the scorpion.
The scorpion stings you but does no damage.
Throw: 3 darts (atropa)
Press: ? - help, Q - select action, (/) - cycle Shift-Dir - straight line, f/p - scorpion
Aim: a scorpion (moderately wounded, 63% to hit, chance to blind on hit: 83%)
You throw an atropa-tipped dart.
The atropa-tipped dart hits the scorpion.
The scorpion appears confused.
The scorpion is moderately wounded.
The scorpion seems less confused.
The scorpion stings you!
* * * LOW HITPOINT WARNING * * *
You hit the scorpion but do no damage.
The scorpion is moderately wounded.
The scorpion misses you.
You hit the scorpion but do no damage.
The scorpion is moderately wounded.
The scorpion is no longer blind.
The scorpion stings you.
* * * LOW HITPOINT WARNING * * *
The scorpion misses you.
You hit the scorpion.
The scorpion is moderately wounded.
You hit the scorpion but do no damage.
The scorpion is moderately wounded.
The scorpion stings you.
* * * LOW HITPOINT WARNING * * *
You hit the scorpion.
The scorpion is moderately wounded.
The scorpion completely misses you.
You barely miss the scorpion.
The scorpion is moderately wounded.
The scorpion barely misses you.
You hit the scorpion. You punch the scorpion.
The scorpion is severely wounded.
The scorpion misses you.
You hit the scorpion.
The scorpion is severely wounded.
The scorpion stings you!
You die...

#..#
#..#..####
##..#......
....#..s.#
......@..#
..##.........
.......(..(..
......###....
......# ..##
.....#### .#
........#
.......##
.......#


You could see a scorpion.

Vanquished Creatures
  A black bear (D:4)
  A wight (D:4)
  A jelly (D:4)
  Terence (D:2)
  A hound skeleton (D:4)
  2 adders (D:3)
  An adder skeleton (D:2)
  An orc (D:4)
  11 ball pythons
  3 endoplasms
  3 giant cockroaches
  2 hobgoblins
  4 jackals (D:1)
  7 kobolds
  3 bats
  5 frilled lizards
  5 rats
52 creatures vanquished.

Notes
Turn   | Place    | Note
-------+----------+-------------------------------------------
     0 | D:1      | Eitelfritz the Kobold Brigand began the quest for the Orb.
     0 | D:1      | Reached XP level 1. HP: 12/12 MP: 1/1
   646 | D:1      | Reached XP level 2. HP: 18/18 MP: 2/2
   654 | D:1      | Reached skill level 6 in Stealth
  1212 | D:2      | Reached XP level 3. HP: 22/22 MP: 3/3
  1507 | D:2      | Noticed Terence
  1576 | D:2      | Killed Terence
  1577 | D:2      | Reached skill level 7 in Stealth
  1577 | D:2      | Reached XP level 4. HP: 13/27 MP: 4/4
  2275 | D:3      | Found a faded altar of an unknown god.
  2503 | D:3      | Found an iron altar of Okawaru.
  2751 | D:3      | Found Hiaco's Distillery.
  2754 | D:3      | Bought a potion of degeneration for 14 gold pieces
  2754 | D:3      | Bought a potion of curing for 42 gold pieces
  3305 | D:4      | Reached skill level 8 in Stealth
  3305 | D:4      | Reached XP level 5. HP: 31/31 MP: 5/5
  3876 | D:4      | Noticed a black bear
  3880 | D:4      | Killed a black bear
  3881 | D:4      | Reached skill level 9 in Stealth
  3881 | D:4      | Reached XP level 6. HP: 36/36 MP: 6/6
  3952 | D:5      | Entered Level 5 of the Dungeon
  3995 | D:5      | Slain by a scorpion

Illustrated notes

Levels and vault maps discovered:
D:1:      matt_arrival_grand_opening, layout_loops_corners
D:2:      layout_basic, uniq_terence
D:3:      layout_rooms, nicolae_overflow_crystal_walls, serial_co_window_serial,
          co_window_corner_a, co_window_of_opportunity_a, co_window_paths_b,
          co_window_cross_1, co_window_paths_a, co_window_cross_3,
          co_window_2corner, co_window_2corner, co_window_broadway_b,
          co_window_broadway_b, glass_columns_a, glass_columns_b,
          chequers_ecumenical_altar_simple_redux, serial_shops,
          nicolae_shop_behind_doors
D:4:      layout_loops_ring, minmay_small_thing
D:5:      layout_basic, minmay_temple_entry_proselytizer, serial_shops,
          shop_statue

Skill      XL: |  1  2  3  4  5 |
---------------+----------------+-----
Stealth        | 6 7 8 9 |  9.1
Short Blades   | 3 4 |  4.2
Fighting       | |  2.7
Throwing       | |  2.3
Dodging        | |  1.6

Action                   |  1- 3 |  4- 6 || total
-------------------------+-------+-------++-------
Melee: Dagger            |    56 |    51 ||   107
       Punch             |       |     2 ||     2
Throw: Dart              |     1 |     2 ||     3
  Use: Scroll            |       |     9 ||     9
       Potion            |       |     1 ||     1
 Stab: Sleeping          |    20 |    16 ||    36
Armor: Robe              |    11 |     4 ||    15
Dodge: Dodged            |    29 |    20 ||    49
